 Dungeon Crawl Stone Soup version 0.29.1-12-g30fa7ad0bf (webtiles) character file.

Game seed: 9007208490293454024

19 zeram the Sneak (level 2, 0/13 HPs)
             Began as a Spriggan Enchanter on Dec 26, 2022.
             Slain by a ball python (1 damage)
             ... on level 2 of the Dungeon.
             The game lasted 00:01:00 (1056 turns).

zeram the Sneak (Spriggan Enchanter)                Turns: 1056, Time: 00:01:02

Health: 0/13       AC:  2    Str:  4    XL:     2   Next: 55%
Magic:  4/6        EV: 14    Int: 16    God:
Gold:   12         SH:  0    Dex: 15    Spells: 4/6 levels left

rFire   . . .      SeeInvis +   a - +1 dagger
rCold   . . .      Faith    .   (no shield)
rNeg    . . .      Spirit   .   b - +0 robe
rPois   .          Reflect  .   (helmet restricted)
rElec   .          Harm     .   (no cloak)
rCorr   .          Rampage  .   (gloves unavailable)
Will    .....                   (boots unavailable)
Stlth   +++.......              (no amulet)
HPRegen 0.04/turn               (no ring)
MPRegen 0.10/turn               (no ring)

@: very slightly contaminated, constricted, very quick
A: very small, no large weapons, unfitting armour, see invisible, speed 3
a: no special abilities


You were on level 2 of the Dungeon.
You visited 1 branch of the dungeon, and saw 2 of its levels.

You collected 12 gold pieces.

Inventory:

Hand Weapons
 a - a +1 dagger (weapon)
Armour
 b - a +0 robe (worn)
Jewellery
 d - a +4 ring of protection
Scrolls
 g - a scroll of identify
Potions
 c - 2 potions of invisibility
 e - a potion of might
 f - a potion of ambrosia
 h - a potion of attraction


   Skills:
 + Level 1.6 Short Blades
 + Level 2.8 Dodging
 + Level 5.0 Stealth
 + Level 2.8 Spellcasting
 + Level 3.9 Hexes


You had 4 spell levels left.
You knew the following spells:

 Your Spells              Type           Power      Damage    Failure   Level
a - Ensorcelled Hibernat  Hex/Ice        16%        N/A       13%         2

Your spell library contained the following spells:

 Spells                   Type           Power      Damage    Failure   Level
 Confusing Touch          Hex            15%        N/A       11%         3
 Tukima's Dance           Hex            15%        N/A       11%         3
 Dazzling Flash           Conj/Hex       16%        N/A       26%         3
 Blink                    Tloc           4%         N/A       28%         2
 Manifold Assault         Tloc           2%         N/A       99%         5
 Storm Form               Tmut/Air       1%         N/A       100%        7


Dungeon Overview and Level Annotations

Branches:
Dungeon (2/15)

Altars:


Innate Abilities, Weirdness & Mutations

You are very small and have problems with some larger weapons.
You are too small for most types of armour.
You have supernaturally acute eyesight. (SInv)
You cover ground extremely quickly. (Speed+++)


Message History

The ball python closely misses you. The ball python grabs you.
You stop ascending the stairs.
The ball python constricts you. The giant cockroach misses you.
The ball python bites you.
Unknown command.
You escape the ball python's grasp.
The giant cockroach bites you. The ball python misses you.
The ball python closely misses you. x2
The ball python grabs you.
You stop ascending the stairs.
The ball python constricts you.
You barely miss the ball python. The bat barely misses you.
The giant cockroach bites you. The ball python closely misses you.
The ball python barely misses you. The ball python constricts you.
The giant cockroach closely misses you.
Unknown command.
You hit the ball python.
The ball python is moderately wounded.
The bat misses you. The ball python misses you.
The ball python closely misses you. The ball python constricts you.
The giant cockroach bites you.
Unknown command.
You closely miss the ball python.
The ball python is moderately wounded.
The bat hits you. The ball python bites you. x2
* * * LOW HITPOINT WARNING * * *
The ball python constricts you. The giant cockroach barely misses you.
Unknown command.
Casting: Ensorcelled Hibernation (safe; 13% risk of failure)
Confirm with . or Enter, or press ? or * to list all spells.
Aiming: Ensorcelled Hibernation (safe; 13% risk of failure)
Press: ? - help, Shift-Dir - straight line, f - giant cockroach
Aim: a giant cockroach (chance to affect: 59%)
You miscast Ensorcelled Hibernation.
You are very lightly contaminated with residual magic.
Nothing appears to happen.
The bat closely misses you. The bat hits you.
* * * LOW HITPOINT WARNING * * *
The ball python bites you.
* * * LOW HITPOINT WARNING * * *
The ball python barely misses you. The ball python constricts you.
The giant cockroach misses you. The ball python misses you.
The ball python bites you.
You die...

#............#
#..[.........#
#............# ###
#............#
....##............#
#................#
##...............#
#.......SS).....#
.....#....B@b.....#
####..#+###.#######
#.. #.....#
.#..###.#.#.#####
..)..............
#####...#........
#..†###.#####
#.#.###.# #.#...#.#


You could see a giant cockroach, a bat and 2 ball pythons.

Vanquished Creatures
  An adder (D:2)
  A dart slug (D:1)
  2 jackals (D:1)
  A ball python (D:2)
  2 bats (D:1)
  2 kobolds (D:1)
  A rat (D:2)
10 creatures vanquished.

Notes
Turn   | Place    | Note
-------+----------+-------------------------------------------
     0 | D:1      | zeram the Spriggan Enchanter began the quest for the Orb.
     0 | D:1      | Reached XP level 1. HP: 9/9 MP: 5/5
   215 | D:1      | Reached XP level 2. HP: 7/13 MP: 6/6
   218 | D:1      | Learned a level 2 spell: Ensorcelled Hibernation
   368 | D:1      | Found a faded altar of an unknown god.
   773 | D:2      | Reached skill level 5 in Stealth
  1056 | D:2      | Slain by a ball python

Illustrated notes

Levels and vault maps discovered:
D:1:      saegor_arrival_simple_b, layout_basic, ebering_ecumenical_altar_box
D:2:      layout_basic, grunt_ministairs_2, corexii_shack, uniq_sigmund

Skill      XL: |  1  2 |
---------------+-------+-----
Stealth        | 5 |  5.0
Short Blades   | |  1.6
Dodging        | |  2.8
Spellcasting   | |  2.8
Hexes          | |  3.9

Action                   || total
-------------------------++-------
Melee: Dagger            ||    30
  Use: Scroll            ||     3
 Stab: Sleeping          ||     4
Armor: Robe              ||    12
Dodge: Dodged            ||    59
